Map: Frozen Temple

Players

Glide - Winner!

  • Race: Zerg Zerg
  • League: Platinum

KingKetchup

  • Race: Protoss Protoss
  • League: Platinum

VOD

Have the link to the VOD?

Description

Time

  • Played on: Aug. 26, 2016, 11:55 a.m.
  • Length: 12:10
Show
View Real Time Build Order
Export as new Build Order

Glide Zerg - Winner!

Build Orders: Hatch First 

Get SALT Encoding   

  12  0:02  Drone  
  13  0:10  Drone  
  14  0:21  Overlord  
  14  0:39  Drone  
  14  0:40  Drone x2  
  17  0:53  Drone  
  18  1:05  Hatchery  
  17  1:13  Spawning Pool  
  17  1:15  Drone  
  17  1:50  Drone x3  
  20  2:01  Overlord  
  20  2:13  Queen  
  20  2:15  Extractor  
  21  2:19  Queen  
  23  2:28  Drone x4  
  27  2:58  Queen  
  27  3:00  Drone x5  
  27  3:01  Overlord  
  34  3:12  Drone  
  35  3:13  Zergling x2  
  36  3:24  Lair  
  36  3:44  Hatchery  
  36  3:48  Drone x5  
  37  3:49  Drone x2  
  42  4:06  Extractor, Drone  
  42  4:07  Drone x2  
  42  4:08  Extractor  
  43  4:16  Overlord x2  
  43  4:22  Overlord  
  43  4:42  Drone x2  
  43  4:43  Drone x8  
  53  4:49  Metabolic Boost  
  53  4:53  Drone  
  53  4:54  Extractor, Drone  
  53  4:59  Roach Warren  
  53  5:05  Drone x6  
  53  5:06  Queen  
  61  5:23  Drone x3  
  61  5:24  Drone x2  
  61  5:25  Overlord x3  
  66  5:52  Extractor  
  66  5:55  Extractor  
  66  5:56  Glial Reconstitution  
  64  5:58  Drone x2  
  64  5:59  Hydralisk Den  
  65  6:17  Burrow, Evolution Chamber x2  
  65  6:18  Pneumatized Carapace  
  63  6:20  Drone x3  
  66  6:29  Overseer  
  66  6:31  Roach x11  
  66  6:32  Roach  
  90  6:33  Overlord  
  90  6:34  Overlord x2  
  90  6:40  Muscular Augments  
  90  6:43  Zerg Ground Armor Level 1, Zerg Missile Weapons Level 1  
  90  6:56  Overseer  
  90  7:02  Roach x5  
  90  7:03  Roach x3  
  90  7:04  Overlord  
  90  7:05  Overlord x2  
  105  7:37  Hydralisk x12  
  129  7:45  Overlord x3  
  129  8:02  Overlord x4  
  129  8:03  Hatchery, Overlord x4  
  128  8:10  Overseer  
  128  8:16  Ravager  
  128  8:17  Ravager x7  
  136  8:20  Roach  
  136  8:21  Roach x3  
  136  8:23  Zergling x2  
  136  8:24  Zergling x10  
  148  8:37  Roach x4  
  148  8:38  Roach  
  153  9:02  Zergling x14  
  160  9:11  Zerg Missile Weapons Level 2, Zerg Ground Armor Level 2  
  160  9:18  Queen  
  162  9:24  Ravager x2  
  162  9:25  Ravager  
  162  9:26  Roach x4  
  162  9:27  Roach x10  
  193  9:51  Extractor x2  
  189  10:03  Hydralisk  
  189  10:04  Hydralisk x4  
  157  10:30  Roach x3  
  157  10:31  Roach x11  
  183  10:47  Spire  
  182  10:53  Hydralisk x5  
  182  10:56  Overlord x3  
  192  11:10  Overseer  
  182  11:47  Roach x11  
  152  11:48  Roach x7  
Show
View Real Time Build Order
Export as new Build Order

KingKetchup Protoss 

Build Orders:  

Get SALT Encoding   

  12  0:00  Probe (Chrono Boost)  
  13  0:11  Probe (Chrono Boost)  
  14  0:18  Pylon  
  14  0:22  Probe (Chrono Boost)  
  15  0:36  Probe (Chrono Boost)  
  16  0:43  Gateway  
  16  0:47  Probe (Chrono Boost)  
  17  0:51  Assimilator  
  17  1:02  Probe (Chrono Boost)  
  17  1:03  Forge  
  18  1:10  Pylon  
  18  1:13  Probe (Chrono Boost)  
  19  1:30  Pylon  
  19  1:40  Photon Cannon  
  19  1:41  Photon Cannon  
  19  1:46  Probe (Chrono Boost)  
  19  1:55  Assimilator  
  19  1:57  Probe (Chrono Boost)  
  19  1:58  Assimilator  
  20  2:06  Zealot  
  20  2:10  Cybernetics Core  
  20  2:15  Probe (Chrono Boost)  
  23  2:27  Probe (Chrono Boost)  
  24  2:39  Probe (Chrono Boost)  
  25  2:50  Nexus  
  27  2:53  Pylon, Mothership Core (Chrono Boost)  
  27  2:55  Adept  
  27  3:04  Warp Gate  
  29  3:10  Protoss Ground Weapons Level 1  
  30  3:13  Probe (Chrono Boost)  
  30  3:25  Probe (Chrono Boost)  
  31  3:37  Probe (Chrono Boost)  
  32  3:47  Gateway x2  
  32  3:50  Pylon  
  33  4:04  Probe (Chrono Boost)  
  33  4:06  Pylon  
  33  4:08  Probe (Chrono Boost)  
  34  4:11  Sentry  
  34  4:16  Probe (Chrono Boost)  
  37  4:19  Probe (Chrono Boost)  
  38  4:28  Probe (Chrono Boost)  
  38  4:29  Probe (Chrono Boost)  
  40  4:36  Robotics Facility  
  41  4:40  Probe (Chrono Boost)  
  41  4:45  Sentry  
  43  4:46  Adept x2  
  43  4:50  Pylon, Protoss Ground Armor Level 1  
  47  4:54  Probe (Chrono Boost)  
  47  4:56  Probe (Chrono Boost)  
  47  4:59  Assimilator  
  49  5:01  Assimilator  
  49  5:05  Probe (Chrono Boost)  
  51  5:08  Probe (Chrono Boost)  
  51  5:09  Twilight Council  
  51  5:16  Probe (Chrono Boost)  
  51  5:18  Immortal  
  51  5:20  Probe (Chrono Boost)  
  57  5:34  Probe (Chrono Boost)  
  57  5:35  Probe (Chrono Boost)  
  59  5:46  Probe (Chrono Boost)  
  59  5:47  Probe (Chrono Boost)  
  61  5:56  Adept  
  61  5:57  Adept x2  
  67  6:09  Pylon  
  67  6:12  Pylon  
  67  6:17  Resonating Glaives  
  67  6:18  Pylon  
  67  6:22  Immortal  
  67  6:23  Probe (Chrono Boost)  
  68  6:29  Adept x3  
  68  6:30  Protoss Ground Weapons Level 2  
  78  6:50  Adept x3  
  84  6:56  Warp Prism  
  84  6:58  Gateway  
  84  6:59  Gateway  
  84  7:07  Pylon  
  86  7:11  Pylon  
  86  7:13  Pylon  
  86  7:28  Immortal  
  86  7:30  Stalker x3  
  96  7:45  Gateway  
  96  7:46  Gateway  
  96  7:58  Stalker x3  
  102  8:24  Adept x2  
  102  8:25  Adept x2  
  102  8:26  Adept  
  112  8:34  Immortal  
  116  8:46  Stalker  
  118  8:51  Protoss Ground Weapons Level 3  
  112  8:59  Nexus  
  112  9:02  Pylon, Stalker x2  
  112  9:03  Stalker x2  
  112  9:05  Pylon  
  118  9:11  Pylon  
  118  9:18  Observer  
  119  9:41  Probe x2 (Chrono Boost)  
  123  9:53  Probe x2 (Chrono Boost)  
  123  10:05  Probe (Chrono Boost)  
  124  10:10  Assimilator  
  124  10:11  Assimilator  
  124  10:13  Gateway x2  
  124  10:16  Pylon, Probe (Chrono Boost)  
  124  10:17  Probe x2 (Chrono Boost)  
  124  10:26  Probe (Chrono Boost)  
  117  10:28  Gateway  
  117  10:29  Probe x2 (Chrono Boost)  
  117  10:37  Dark Shrine  
  117  10:38  Probe (Chrono Boost)  
  117  10:41  Probe x2 (Chrono Boost)  
  120  10:49  Probe (Chrono Boost)  
  121  10:51  Immortal  
  121  10:53  Probe (Chrono Boost)  
  121  10:54  Probe (Chrono Boost)  
  127  10:59  Probe (Chrono Boost)  
  127  11:01  Adept x3  
  127  11:02  Adept x4  
  143  11:05  Probe (Chrono Boost)  
  143  11:06  Probe (Chrono Boost)  
  143  11:09  Templar Archives  
  144  11:12  Pylon  
  144  11:15  Pylon  
  144  11:18  Pylon  
  144  11:20  Pylon  
  144  11:22  Pylon  
  140  11:43  Stalker x5  
  140  11:44  Stalker x4  
  140  11:46  Stalker  
Tags
 
Add a new tag
Caveats
  • Supply blocks, unpowered buildings, or Contaminate may cause inaccurate times.
  • Supply counts are checked every 10 seconds.